 Dungeon Crawl Stone Soup version 0.29.0-11-gd7f09526c8 (webtiles) character file.

Game seed: 18205270587521847018

6288 Acheron the Cudgeller (level 10, -2/81 HPs)
             Began as a Minotaur Earth Elementalist on Sept 1, 2022.
             Slain by a hornet (8 damage)
             ... while paralysed by a hornet
             ... on level 11 of the Dungeon on Sept 2, 2022.
             The game lasted 01:51:08 (11446 turns).

Acheron the Cudgeller (MiEE)                       Turns: 11446, Time: 01:51:09

Health: -2/81      AC: 17    Str: 14    XL:     10   Next: 63%
Magic:  15/15      EV:  2    Int: 12    God:
Gold:   411        SH:  0    Dex: 22    Spells: 9/15 levels left

rFire   . . .      SeeInvis .   E - +2 flail (protect)
rCold   + . .      Faith    .   (no shield)
rNeg    . . .      Spirit   .   u - +0 steam dragon scales
rPois   .          Reflect  .   (helmet restricted)
rElec   +          Harm     .   c - +0 cloak
rCorr   .          Rampage  .   q - +2 pair of gloves "Zuv Miem" {+Inv rElec rF- Dex+8}
Will    .....                   y - +2 pair of boots of Bogaonn {rC+}
Stlth   +++.......              (no amulet)
HPRegen 0.23/turn               C - ring of protection from fire
MPRegen 0.14/turn               s - +4 ring of protection

@: paralysed, lethally poisoned (-2 -> -10), hasted and slowed
A: horns 2, retaliatory headbutt, high MP 1, sense surroundings 1
a: Evoke Invisibility


You were on level 11 of the Dungeon.
You visited 2 branches of the dungeon, and saw 12 of its levels.

You collected 556 gold pieces.
You spent 145 gold pieces at shops.

Inventory:

Hand Weapons
 e - a +4 dagger
 o - a +0 trident of freezing
 r - a +2 vorpal shortbow
 w - a +2 war axe of flaming
 E - a +2 flail of protection (weapon)
 J - a +3 battleaxe of electrocution
 M - a +5 halberd
Missiles
 g - 3 javelins (quivered)
 m - 44 poisoned darts
 L - a curare-tipped dart
Armour
 a - the +3 scale mail of the Equinox {Str+6 Int-4}
   (You found it on level 8 of the Dungeon)

   Str:       It affects your strength (+6).
   Int:       It affects your intelligence (-4).
 c - a +0 cloak (worn)
 q - the +2 pair of gloves "Zuv Miem" (worn) {+Inv rElec rF- Dex+8}
   (You acquired it on level 2 of the Dungeon)

   Dex:       It affects your dexterity (+8).
   rF:        It makes you vulnerable to fire.
   rElec:     It insulates you from electricity.
   +Inv:      It lets you turn invisible.
 u - +0 steam dragon scales (worn)
 y - the +2 pair of boots of Bogaonn (worn) {rC+}
   (You acquired it on level 4 of the Dungeon)

   rC:        It protects you from cold.
 z - a +2 pair of gloves
 G - a +2 robe of fire resistance
Jewellery
 f - a ring of protection from cold
 i - a +4 ring of slaying
 j - a ring of willpower
 p - a ring of wizardry
 s - a +4 ring of protection (right hand)
 C - a ring of protection from fire (left hand)
Wands
 t - a wand of paralysis (3)
 D - a wand of flame (12)
Scrolls
 d - 3 scrolls of fear
 l - 2 scrolls of torment
 n - a scroll of enchant armour
 A - a scroll of summoning
 B - 3 scrolls of teleportation
 F - 2 scrolls of amnesia
 H - 2 scrolls of magic mapping
 K - a scroll of blinking
Potions
 b - 2 potions of magic
 h - 7 potions of heal wounds
 k - a potion of lignification
 v - 2 potions of brilliance
 x - a potion of flight
 N - a potion of mutation


   Skills:
 * Level 5.2 Fighting
 + Level 4.0 Short Blades
 + Level 2.5(5.5) Axes
 * Level 7.7(8.0) Maces & Flails
 * Level 4.9 Throwing
 * Level 5.2 Armour
 * Level 5.9 Dodging
 * Level 5.3 Stealth
 * Level 3.1 Spellcasting
 * Level 0.7 Conjurations
 + Level 2.1 Necromancy
 + Level 2.0 Transmutations
 + Level 4.0 Earth Magic
 * Level 3.9 Evocations


You had 9 spell levels left.
You knew the following spells:

 Your Spells              Type           Power      Damage    Failure   Level
a - Sandblast             Erth           22%        2d7       4%          1
b - Passwall              Tmut/Erth      7%         N/A       11%         2
c - Stone Arrow           Conj/Erth      14%        3d7       26%         3

Your spell library contained the following spells:

 Spells                   Type           Power      Damage    Failure   Level
 Petrify                  Tmut/Erth      9%         N/A       56%         4
 Animate Dead             Necr           7%         N/A       69%         4
 Passage of Golubria      Tloc           1%         N/A       94%         4
 Silence                  Hex/Air        0%         N/A       100%        5
 Haunt                    Necr/Summ      2%         N/A       100%        7
 Infestation              Necr           3%         N/A       100%        8
 Lehudib's Crystal Spear  Conj/Erth      3%         10d3      100%        8


Dungeon Overview and Level Annotations

Branches:
Dungeon (11/15)            Temple (1/1) D:4
   Lair: D:8-11         Orc: D:9-12

Altars:
Ashenzari
Cheibriados
Dithmenos
Elyvilon
Fedhas
Gozag
Hepliaklqana
Kikubaaqudgha
Makhleb
Okawaru
Qazlal
Ru
Sif Muna
Trog
Uskayaw
Vehumet
Wu Jian
Xom
Yredelemnul
Zin
The Shining One

Shops:
D:2 *   D:5 (   D:6 :   D:8 ?=*   D:10 *

Annotations:
D:4 exclusion: downstairs
D:7 exclusion: 2 downstairs


Innate Abilities, Weirdness & Mutations

You have a pair of horns on your head.
You reflexively headbutt those who attack you in melee.
You have an increased reservoir of magic. (+10% MP)
You passively map a small area around you.


Message History

The hornet is lightly wounded.
You feel yourself speed up. The hornet barely misses you.
The hornet stings you!
You feel yourself slow down.
The hornet stings you but does no damage.
You closely miss the hornet.
The hornet is lightly wounded.
You feel yourself speed up. The hornet stings you.
You feel yourself slow down. The hornet stings you!
You are poisoned.
You feel as though you will be slow longer.
You feel yourself speed up.
You feel very sick.
The hornet stings you but does no damage.
The hornet misses you.
You hit the hornet but do no damage.
Your weapon exudes an aura of protection.
The hornet is lightly wounded.
You feel sick. The hornet stings you!
* * * LOW HITPOINT WARNING * * *
You feel as though you will be slow longer.
The hornet closely misses you. You furiously retaliate!
You headbutt the hornet.
You feel much better.
You feel sick. The hornet stings you!
* * * LOW HITPOINT WARNING * * *
You are more poisoned.
You feel as though you will be slow longer.
You barely miss the hornet.
The hornet is lightly wounded.
You feel very sick. The hornet misses you. You furiously retaliate!
You headbutt the hornet. The hornet stings you!
* * * LOW HITPOINT WARNING * * *
You suddenly lose the ability to move!
* * * LOW HITPOINT WARNING * * *
You feel very sick.
The hornet stings you but does no damage.
* * * LOW HITPOINT WARNING * * *
You feel sick. The hornet stings you!
You die...

* #..# ###.. , #..#
...... , ####
#..###..>... .....
#.......# , ,
.....##.......#
........<.....#
,.........(#...#* , ,
.........y#...##... ,
,,......#..@#...##...
......#...#...##..#
#..... , .....
#...#...##..# #.....
, ..... #..))...##..#
#..... , ....
,#.......##..# #.....
.... #.......##..#
#..... #..###......#
#..... ,,#..#
#.###..###..... * *
#..# #.# #........#*


You could see a hornet.

Vanquished Creatures
  An orc knight (D:9)
  Maurice (D:9)
  A troll (D:9)
  A hornet (D:9)
  Sigmund (D:5)
  A wraith (D:9)
  2 steam dragons
  Menkaure (D:7)
  Edmund (D:5)
  An acid dragon (D:9)
  2 water moccasins
  Duvessa (D:8)
  9 orc warriors
  3 ice beasts
  A sky beast (D:8)
  2 centaurs
  2 ogres
  A phantom (D:5)
  2 bullfrogs
  2 kobold brigands (D:8)
  4 scorpions
  9 wights
  Dowan (D:7)
  2 jellies
  A hound (D:4)
  7 orc priests
  4 iguanas
  15 orc wizards
  11 gnolls
  14 adders
  A white imp (D:6)
  An ufetubus (D:6)
  3 worms
  2 dart slugs
  59 orcs
  4 endoplasms
  2 giant cockroaches
  8 goblins
  10 hobgoblins
  14 jackals
  4 quokkas
  7 ball pythons
  3 bats
  2 frilled lizards (D:3)
  20 kobolds
  3 rats
247 creatures vanquished.

Notes
Turn   | Place    | Note
-------+----------+-------------------------------------------
     0 | D:1      | Acheron the Minotaur Earth Elementalist began the quest for
                  | the Orb.
     0 | D:1      | Reached XP level 1. HP: 14/14 MP: 1/1
   337 | D:1      | Reached XP level 2. HP: 22/22 MP: 3/3
   357 | D:1      | Found a faded altar of an unknown god.
   364 | D:1      | Reached skill level 1 in Transmutations
   820 | D:2      | Found Fadist's Assorted Antiques.
   886 | D:3      | Reached XP level 3. HP: 23/27 MP: 4/4
  1252 | D:2      | Identified a scroll of acquirement
  1252 | D:2      | Acquired the +2 pair of gloves "Zuv Miem" {+Inv rElec rF-
                  | Dex+8}
  1307 | D:3      | Reached skill level 1 in Fighting
  1412 | D:3      | Reached XP level 4. HP: 29/35 MP: 5/5
  2052 | D:2      | Learned a level 2 spell: Passwall
  2885 | D:4      | Found a staircase to the Ecumenical Temple.
  2914 | Temple   | Entered the Ecumenical Temple
  3383 | D:5      | Entered Level 5 of the Dungeon
  3418 | D:5      | Noticed a scorpion
  3443 | D:5      | Reached skill level 1 in Axes
  3443 | D:5      | Reached skill level 1 in Throwing
  3443 | D:5      | Reached XP level 5. HP: 33/40 MP: 3/6
  3880 | D:5      | Found Qejoorch's Antique Weapon Shop.
  3880 | D:5      | Found a white marble altar of Elyvilon.
  3880 | D:5      | Found an ancient bone altar of Kikubaaqudgha.
  3894 | D:4      | Reached skill level 1 in Short Blades
  3894 | D:4      | Reached XP level 6. HP: 28/47 MP: 8/8
  4170 | D:4      | Reached skill level 1 in Evocations
  4465 | D:4      | Acquired the +2 pair of boots of Bogaonn {rC+}
  4956 | D:8      | Found a hide-covered altar of Uskayaw.
  4956 | D:8      | Noticed a +0 dagger
  4957 | D:8      | Noticed a +0 dagger
  4992 | D:6      | Found a shimmering blue altar of Sif Muna.
  5041 | D:6      | Found an iron altar of Okawaru.
  5060 | D:6      | Noticed a water moccasin
  5065 | D:6      | Killed a water moccasin
  5066 | D:6      | Reached XP level 7. HP: 55/55 MP: 6/9
  5127 | D:6      | Found Kocoycwoez's Tremendous Tomes.
  5360 | D:5      | Found an ornate altar of the Wu Jian Council.
  5609 | D:5      | Reached skill level 1 in Armour
  5626 | D:5      | Noticed Edmund
  5655 | D:5      | Killed Edmund
  5941 | D:5      | Noticed Sigmund
  5955 | D:5      | Reached skill level 1 in Necromancy
  6047 | D:5      | Found a glowing golden altar of the Shining One.
  6191 | D:5      | Killed Sigmund
  6192 | D:5      | Reached XP level 8. HP: 63/63 MP: 9/11
  6325 | D:5      | Reached skill level 1 in Maces & Flails
  6485 | D:6      | Reached skill level 2 in Maces & Flails
  6624 | D:6      | Found a burning altar of Makhleb.
  6916 | D:6      | Reached skill level 3 in Maces & Flails
  7113 | D:5      | Gained mutation: You passively map a small area around you.
                  | [potion of mutation]
  7113 | D:5      | Gained mutation: You have an increased reservoir of magic.
                  | (+10% MP) [potion of mutation]
  7197 | D:7      | Noticed Dowan
  7220 | D:7      | Identified the +0 pair of gloves of the Trees {rElec Int+6
                  | Dex-5}
  7324 | D:7      | Noticed Menkaure
  7336 | D:7      | Killed Menkaure
  7337 | D:7      | Reached skill level 4 in Maces & Flails
  7352 | D:7      | Reached XP level 9. HP: 27/71 MP: 13/13
  7356 | D:7      | Noticed Duvessa
  7761 | D:7      | Found a blossoming altar of Fedhas.
  7850 | D:7      | Killed Dowan
  8003 | D:8      | Killed Duvessa
  8004 | D:8      | Reached skill level 5 in Maces & Flails
  8556 | D:7      | Upgraded the game from 0.29.0-7-g18a832c13a to
                  | 0.29.0-11-gd7f09526c8
  8582 | D:8      | Identified the +3 scale mail of the Equinox {Str+6 Int-4}
  8699 | D:9      | Reached skill level 5 in Dodging
  8700 | D:9      | Noticed an orc knight
  8718 | D:9      | Killed an orc knight
  8719 | D:9      | Reached skill level 6 in Maces & Flails
  8763 | D:9      | Learned a level 3 spell: Stone Arrow
  9357 | D:9      | Reached XP level 10. HP: 80/80 MP: 14/14
  9402 | D:9      | Noticed Maurice
  9412 | D:9      | Killed Maurice
  9413 | D:9      | Reached skill level 7 in Maces & Flails
  9431 | D:10     | Entered Level 10 of the Dungeon
  9542 | D:8      | Found Baniz's Assorted Antiques.
  9575 | D:8      | Reached skill level 5 in Stealth
  9856 | D:8      | Found Pabuvoag's Jewellery Shop.
 10549 | D:8      | Found Qurphen's Magic Scroll Boutique.
 10563 | D:8      | Bought a scroll of fear for 40 gold pieces
 10563 | D:8      | Bought a scroll of teleportation for 30 gold pieces
 10563 | D:8      | Bought a scroll of magic mapping for 75 gold pieces
 10709 | D:8      | Reached skill level 5 in Fighting
 10709 | D:8      | Reached skill level 5 in Armour
 10944 | D:9      | Found a basalt altar of Yredelemnul.
 11281 | D:10     | Found Jadufalo's Changing Room.
 11343 | D:11     | Noticed a two-headed ogre
 11444 | D:11     | Paralysed by a hornet for 3 turns
 11446 | D:11     | Slain by a hornet

Illustrated notes

Levels and vault maps discovered:
D:1:      elethiomel_arrival_shortcut, layout_rooms,
          hellmonk_ecumenical_altar_zigzags
D:2:      layout_loops_ring, serial_shops, nicolae_diamond_shop, fountainhead,
          kennysheep_generic_room_9
D:3:      layout_rooms
D:4:      layout_basic, minmay_temple_entry_glass
D:5:      layout_layer_cave, grunt_temple_overflow_open,
          mainiacjoe_overflow_tiny_flanked, serial_shops, shop, uniq_edmund,
          uniq_sigmund
D:6:      layout_rooms, nicolae_overflow_crystal_walls,
          nicolae_shop_i_like_big_books, hangedman_feature_mirror,
          nicolae_kite_square_tiling_tiny
D:7:      layout_rooms, fedhas_altar_1, uniq_menkaure, uniq_duvessa
D:8:      layout_gridville, dancing_weapons_uskayaw, serial_shops,
          nicolae_inconvenience_store, shop, shop_fountains
D:9:      layout_roguey [special_room_orc], yredelemnul_altar_generic,
          kennysheep_island_fort, uniq_maurice
D:10:     layout_rooms, nemelex_altar_shiori, serial_shops,
          nicolae_shop_hallway_plus, special_room [special_room_bee],
          nicolae_transmutations_shop
D:11:     layout_long_grid, lair_entry_dummy, gammafunk_ghost_icy
Temple:   nicolae_temple_bog_church

Skill      XL: |  1  2  3  4  5  6  7  8  9 10 |
---------------+-------------------------------+-----
Transmutations | 1 2 |  2.0
Fighting       | 1 2 3 4 5 |  5.2
Earth Magic    | 3 4 |  4.0
Dodging        | 3 4 5 |  5.9
Axes           | 1 2 |  2.5
Throwing       | 1 2 3 4 |  4.9
Stealth        | 2 3 4 5 |  5.3
Spellcasting   | 2 3 |  3.1
Short Blades   | 1 2 3 4 |  4.0
Evocations     | 1 2 3 |  3.9
Armour         | 2 3 4 5 |  5.2
Necromancy     | 1 2 |  2.1
Maces & Flails | 4 6 7 |  7.7
Conjurations   | |  0.7

Action                   |  1- 3 |  4- 6 |  7- 9 | 10-12 || total
-------------------------+-------+-------+-------+-------++-------
Melee: Dagger            |    81 |   135 |    75 |       ||   291
       Headbutt          |    13 |    18 |    91 |    36 ||   158
       Punch             |     1 |     1 |     6 |     5 ||    13
       Flail             |       |       |   328 |   181 ||   509
Throw: Javelin           |       |       |    20 |    19 ||    39
       Dart              |       |       |       |    24 ||    24
 Cast: Sandblast         |    10 |    35 |     1 |     3 ||    49
       Passwall          |       |     1 |       |       ||     1
Evoke: Wand              |       |       |     5 |     1 ||     6
  Use: Scroll            |     4 |    11 |     5 |     5 ||    25
       Potion            |       |     2 |     9 |     4 ||    15
 Stab: Sleeping          |     2 |       |     2 |     1 ||     5
       Paralysed         |       |       |    20 |     5 ||    25
       Distracted        |       |       |       |     1 ||     1
Armor: Robe              |    14 |    42 |       |       ||    56
       Scale mail        |       |       |   121 |       ||   121
       Steam dragon scal |       |       |    65 |    79 ||   144
Dodge: Dodged            |    63 |    99 |   240 |   131 ||   533
